AoeStats
← LeoPlaysVal

Arabia

503486732Analyzed
3v3 RM · 1mo ago on Aug 31, 2026· 40m 11s· 6 players
Game mode
Random Map
Map size
Normal (6 player)
Population
200
Speed
Normal
Resources
Standard
Victory
Conquest
Starting age
Dark Age
Ending age
Imperial Age
RankedLock teamsTeams togetherTeam positionsShared explorationLock speedFull tech treeHidden civsTurbo modeCheats
Victory
Defeat
🇦🇷 Spanish · Argentina
823
+13
🇱🇻 Bohemians · Latvia
800
+14
🇹🇷 Spanish · Türkiye
794
+14
🇧🇷 Magyars · Brazil
794
-15
🇨🇦 Jurchens · Canada
769
-14
🇺🇸 Georgians · United States
682
-11
EnigmA
8:41 Feudal Age
10:47 Double-Bit Axe
16:06 Scale Barding Armor
16:48 Loom
27:51 Forging
27:37 Gold Mining
LeoPlaysVal
11:29 Feudal Age
14:22 Bloodlines
27:27 Castle Age
28:28 Pikeman
31:54 Double-Bit Axe
unstable
10:53 Feudal Age
10:39 Loom
13:08 Double-Bit Axe
15:21 Horse Collar
19:22 Castle Age
19:11 Fletching
21:30 Bodkin Arrow
22:03 Thumb Ring
22:01 Padded Archer Armor
22:15 Padded Archer Armor
24:40 Elite Skirmisher
26:48 Bow Saw
28:27 Wheelbarrow
28:30 Husbandry
28:43 Bloodlines
30:01 Elite Skirmisher
30:57 Leather Archer Armor
31:34 Hand Cart
32:49 Stone Mining
32:49 Gold Mining
33:02 Heavy Plow
40:29 Imperial Age
Morias1stt
11:49 Feudal Age
11:00 Loom
12:27 Double-Bit Axe
21:47 Castle Age
20:44 Stone Mining
20:49 Gold Mining
23:21 Bow Saw
33:25 Imperial Age
30:43 Town Watch
32:53 Wheelbarrow
34:59 Conscription
35:01 Hand Cart
36:08 Elite Conquistador
37:06 Forging
36:37 Light Cavalry
37:28 Bloodlines
39:24 Ballistics
c190
0:33 Loom
12:23 Feudal Age
13:20 Double-Bit Axe
13:59 Horse Collar
33:23 Castle Age
32:48 Wheelbarrow
36:03 Chemistry
38:53 Ballistics
RUDOLF
9:08 Loom
11:28 Feudal Age
16:22 Castle Age
16:38 Padded Archer Armor
23:28 Leather Archer Armor
25:51 Bloodlines
31:31 Husbandry
32:20 Wheelbarrow
36:36 Imperial Age
36:42 Elite Conquistador
37:45 Conscription
37:59 Ring Archer Armor
Connection lost

Rejoining the realm…

Still unreachable

The connection could not be restored.

Session expired

The server has moved on; the page needs a fresh start.